 Dungeon Crawl Stone Soup version 0.21.1-68-g103a7af (webtiles) character file.

653 tyranidshit the Skirmisher (level 7, -2/57 HPs)
             Began as a Demonspawn Abyssal Knight on Aug 1, 2018.
             Was a Believer of Lugonu.
             Slain by Grinder (5 damage)
             ... while paralysed by Grinder
             ... on level 4 of the Dungeon.
             The game lasted 00:06:19 (2536 turns).

tyranidshit the Skirmisher (DsAK)                   Turns: 2536, Time: 00:06:20

Health: -2/57      AC: 11    Str: 14    XL:     7   Next: 29%
Magic:  10/10      EV:  2    Int: 13    God:    Lugonu [**....]
Gold:   85         SH:  0    Dex: 13    Spells: 6/6 levels left

rFire    + . .     SeeInvis +   a - +2 hand axe
rCold    . . .     Gourm    .   (no shield)
rNeg     . . .     Faith    .   h - +0 chain mail
rPois    .         Spirit   .   n - +2 hat
rElec    .         Reflect  +   (no cloak)
rCorr    .         Harm     .   (no gloves)
MR       .....                  (no boots)
Stlth    ..........             m - +3 amulet of reflection
HPRegen  0.19/turn              e - ring of see invisible
MPRegen  0.12/turn              i - ring of loudness (curse)

@: paralysed
A: hooves 1, [blurry vision 2], fire resistance 1, nightstalker 1
a: Depart the Abyss, Bend Space, Renounce Religion


You were on level 4 of the Dungeon.
You worshipped Lugonu.
Lugonu was pleased with you.
You were not hungry.

You visited 1 branch of the dungeon, and saw 4 of its levels.
You visited the Abyss 1 time.

You collected 85 gold pieces.

Inventory:

Hand Weapons
 a - a +2 hand axe (weapon)
Armour
 b - a +1 leather armour
 h - a +0 chain mail (worn)
 n - a +2 hat (worn)
Jewellery
 e - a ring of see invisible (left hand)
 i - a cursed ring of loudness (right hand)
 m - a +3 amulet of reflection (around neck)
Wands
 g - a wand of paralysis (2)
Scrolls
 d - 2 scrolls of identify
 f - 3 scrolls of teleportation
 k - a scroll of fog
 l - a scroll of remove curse {unknown}
Potions
 j - 2 potions of curing
Comestibles
 c - 5 rations


   Skills:
 + Level 5.7 Fighting
 - Level 1.7 Axes
 + Level 3.6 Armour
 - Level 0.8 Dodging
 - Level 2.4 Invocations
 - Level 4.9 Evocations


You had 6 spell levels left.
You didn't know any spells.

Dungeon Overview and Level Annotations

Branches:
Dungeon (4/15)
 Temple: D:4-7

Altars:

Annotations:
D:3 Rwicked's ghost, amateur GnWr
D:4 Grinder


Innate Abilities, Weirdness & Mutations

You have large cloven feet.
Your flesh is heat resistant. (rF+)
You are slightly more attuned to the shadows.
[Scrolls take you longer to read.]


Message History

Lugonu accepts your kill.
You hit Grinder. Grinder hits you.
* * * LOW HITPOINT WARNING * * *
You writhe in agony.
* * * LOW HITPOINT WARNING * * *
Evoke which item? (* to show all) (? for menu, Esc to quit)
Aiming: Paralyse
Press: ? - help, Shift-Dir - straight line, f - Grinder
Aim: Grinder (moderately wounded, chance to defeat MR: 61%) Grinder resists with significant effort.
Grinder gestures at you.
You suddenly lose the ability to move!
Grinder hits you.
* * * LOW HITPOINT WARNING * * *
Grinder barely misses you. Grinder hits you but does no damage.
Grinder hits you but does no damage.
Grinder says, "I used to sell toenails on the black market."
Grinder hits you.
You die...

## ..
.#######
........
####....<#
#........#
#.##@....#
#.##.5...#
#####
#.##.....#
#...#
#.##.....#
#.#.#
#.##.....#
####.#.#
#.########
#....#.###.#
#.###....#.#
#.##...#.#.#


You could see Grinder.

Vanquished Creatures
  Sigmund (D:3)
  A ynoxinul (Abyss:2)
  A swamp dragon skeleton (Abyss:2)
  A small abomination (Abyss:2)
  A bullfrog skeleton (D:4)
  An iguana (D:4)
  7 adders
  An ooze (D:1)
  2 worms
  3 dart slugs
  5 leopard geckos
  An orc (D:3)
  2 ball pythons (D:1)
  7 bats
  2 giant cockroaches
  5 goblins
  8 hobgoblins
  2 jackals (D:1)
  A quokka (D:3)
  6 frilled lizards
  7 kobolds
  7 rats
72 creatures vanquished.

Notes
Turn   | Place    | Note
-------+----------+-------------------------------------------
     0 | Abyss:1  | tyranidshit the Demonspawn Abyssal Knight began the quest for the Orb.
     0 | Abyss:1  | Reached XP level 1. HP: 18/18 MP: 2/2
    23 | Abyss:2  | Found a corrupted altar of Lugonu.
    52 | Abyss:2  | Found a corrupted altar of Lugonu.
    82 | Abyss:2  | Noticed a ynoxinul
    85 | Abyss:2  | Killed a ynoxinul
    85 | Abyss:2  | Gained mutation: Your flesh is heat resistant. (rF+) [demonic ancestry]
    85 | Abyss:2  | Reached XP level 2. HP: 24/24 MP: 3/5
    85 | Abyss:2  | Gained mutation: You have large cloven feet. [demonic ancestry]
    85 | Abyss:2  | Reached XP level 3. HP: 29/29 MP: 3/6
    85 | Abyss:2  | Gained mutation: You are slightly more attuned to the shadows. [demonic ancestry]
    85 | Abyss:2  | Reached XP level 4. HP: 35/35 MP: 3/7
    85 | Abyss:2  | Reached XP level 5. HP: 41/41 MP: 3/8
    88 | Abyss:2  | Reached skill level 4 in Fighting
    93 | Abyss:2  | Reached XP level 6. HP: 49/49 MP: 3/9
   129 | Abyss:2  | Noticed a blink frog
   129 | Abyss:2  | Noticed a wretched star
   132 | D:1      | Escaped the Abyss
   332 | D:1      | Reached * piety under Lugonu
  1198 | D:2      | Reached ** piety under Lugonu
  1393 | D:3      | Noticed Rwicked's ghost (amateur GnWr)
  1948 | D:3      | Noticed Sigmund
  1971 | D:3      | Killed Sigmund
  1971 | D:3      | Reached skill level 5 in Fighting
  1971 | D:3      | Reached XP level 7. HP: 22/56 MP: 10/10
  2516 | D:4      | Noticed Grinder
  2523 | D:4      | Paralysed by Grinder for 6 turns
  2531 | D:4      | Paralysed by Grinder for 6 turns
  2532 | D:4      | HP: 2/57 [Grinder (1)]
  2536 | D:4      | Slain by Grinder

Skill      XL: |  1  2  3  4  5  6 |
---------------+-------------------+-----
Evocations     | 4 |  4.9
Fighting       | 4 5 |  5.7
Armour         | 3 |  3.6
Axes           | |  1.7
Dodging        | |  0.8
Invocations    | |  2.4

Action                   |  1- 3 |  4- 6 |  7- 9 || total
-------------------------+-------+-------+-------++-------
Melee: Hand axe          |       |   199 |    39 ||   238
       Kick              |       |    37 |    10 ||    47
Invok: Depart the Abyss  |       |     1 |       ||     1
Evoke: Wand              |     1 |     5 |     1 ||     7
  Use: Scroll            |     2 |     3 |     4 ||     9
       Potion            |       |     2 |       ||     2
 Stab: Sleeping          |       |     2 |       ||     2
  Eat: Ration            |       |     1 |     1 ||     2
       Chunk             |       |     1 |       ||     1
Armor: Chain mail        |       |    73 |    27 ||   100
       Leather armour    |       |    22 |       ||    22
Dodge: Dodged            |       |   103 |    15 ||   118
Block: Other             |       |       |     4 ||     4
